 Dungeon Sprint DCSS version 0.17-a0-1311-gbcbd859 (webtiles) character file.

132 Kidiri the Covert (level 4, -6/23 HPs)
             Began as a Spriggan Enchanter on June 8, 2015.
             Was a Priest of Dithmenos.
             Mangled by a gnoll
             ... wielding a +0 whip
              (12 damage)
             ... in the Dungeon (Sprint VII: "The Pits").
             The game lasted 00:03:40 (368 turns).

Kidiri the Covert (Spriggan Enchanter)               Turns: 368, Time: 00:03:40

Health: -6/23      AC:  3    Str:  4    XL:     4   Next: 92%
Magic:  0/11       EV: 22    Int: 16    God:    Dithmenos [***...]
Gold:   0          SH:  0    Dex: 17    Spells: 4 memorised, 3 levels left

rFire  . . .     SeeInvis +     a - +1 dagger
rCold  . . .     Clarity  .     b - +1 robe
rNeg   . . .     SustAt   .     (shield restricted)
rPois  .         Gourm    .     (helmet restricted)
rElec  .         Spirit   .     (no cloak)
rCorr  .         Warding  .     (gloves unavailable)
rMut   .         NoTele   +     (boots unavailable)
MR     .....                    (no amulet)
Stlth  ++++++....               (no ring)
                                (no ring)

@: very slightly contaminated, wreathed by umbra, very quick, not resistant to
hostile enchantments, very stealthy
A: unfitting armour, see invisible, herbivore 3, speed 3, slow metabolism 2
a: Shadow Step, Renounce Religion


You were in the Dungeon.
You worshipped Dithmenos.
Dithmenos was most pleased with you.
You were not hungry.

You visited 1 branch

Inventory:

Hand weapons
 a - a +1 dagger (weapon)
Armour
 b - a +1 robe (worn)
Scrolls
 j - a scroll of blinking
 m - 3 scrolls of remove curse
 n - 5 scrolls of amnesia
 o - a scroll of summoning
Potions
 e - a potion of curing
 g - a potion of haste
 h - 4 potions of magic
 i - 3 potions of berserk rage
 l - 2 potions of invisibility
Books
 c - a book of Maledictions

   Spells                             Type                      Level
   a - Corona                         Hexes                        1
   b - Ensorcelled Hibernation        Hexes/Ice                    2
   c - Confuse                        Hexes                        3
   d - Tukima's Dance                 Hexes                        3
   e - Dazzling Spray                 Conjuration/Hexes            3
Comestibles
 d - 8 bread rations
 k - 40 fruits


   Skills:
 + Level 2.2 Fighting
 * Level 4.9 Short Blades
 * Level 7.1 Dodging
 * Level 8.4 Stealth
 + Level 4.7 Spellcasting
 + Level 5.4 Hexes
 + Level 0.8 Ice Magic


You had 3 spell levels left.
You knew the following spells:

 Your Spells              Type           Power        Failure   Level  Hunger
a - Corona                Hex            ###....      1%          1    None
b - Confuse               Hex            ###.....     6%          3    ###....
c - Tukima's Dance        Hex            ###.....     6%          3    ###....
d - Ensorcelled Hibernat  Hex/Ice        ##....       10%         2    ##.....


Dungeon Overview and Level Annotations

Branches:
Dungeon (1/1)

Altars:
Ashenzari
Cheibriados
Dithmenos
Elyvilon
Fedhas
Gozag
Kikubaaqudgha
Makhleb
Nemelex Xobeh
Okawaru
Qazlal
Ru
Sif Muna
Trog
Vehumet
Xom
Yredelemnul
Zin
The Shining One
Beogh
Jiyva
Lugonu


Innate Abilities, Weirdness & Mutations

You are tiny and cannot use many weapons and most armour.
You have supernaturally acute eyesight.
You are a herbivore.
You cover ground extremely quickly.
You need consume almost no food.


Message History

There is an open door to the Storerooms (Easy), spattered with blood here.
Casting: Ensorcelled Hibernation
Confirm with . or Enter, or press ? or * to list all spells.
Okay, then.
Unknown command.
Items here: )) [[[ †
Casting: Ensorcelled Hibernation
Confirm with . or Enter, or press ? or * to list all spells.
Aiming: Corona
Press: ? - help, Shift-Dir - straight line, f/p - gnoll
Aim: a gnoll, wielding a whip (umbra, chance to defeat MR: 68%)
The gnoll is outlined in light.
The gnoll completely misses you.
You hit the gnoll.
The gnoll is moderately wounded.
The gnoll misses you.
You hit the gnoll.
The gnoll is heavily wounded.
The gnoll hits you with a whip!
Ouch! That really hurt!
You die...

############ #__________#
#__________#
#.#####+##############++#
#_#)))+.+%.##.............
#_#)))#.#?(##......#..#...
#######+#####.............
#........@go'.............
#+#####'#####......#..#...
#..#%.#).##............
#..'%.'..#####'#####++##
##'####+###.......#
#...Joo..##.......#
#...o.g..##.......#
#####+#####...<...#
#.......#


You could see a gnoll and an orc.

Vanquished Creatures
  A brain worm (D)
  An orc wizard (D)
  A gnoll (D)
  An ufetubus (D)
  An adder zombie (D)
  An ooze (D)
  A giant gecko (D)
  2 orcs (D)
  3 jackals (D)
  A quokka (D)
13 creatures vanquished.

Notes
Turn   | Place    | Note
--------------------------------------------------------------
     0 | D        | Kidiri the Spriggan Enchanter began the quest for the Orb.
     0 | D        | Reached XP level 1. HP: 9/9 MP: 5/5
    27 | D        | Found a sacrificial altar of Ru.
    27 | D        | Found a basalt altar of Yredelemnul.
    27 | D        | Found a shadowy altar of Dithmenos.
    27 | D        | Found a deep blue altar of Sif Muna.
    27 | D        | Found a burning altar of Makhleb.
    27 | D        | Found a shimmering altar of Xom.
    27 | D        | Found an ancient bone altar of Kikubaaqudgha.
    27 | D        | Found a sparkling altar of Nemelex Xobeh.
    28 | D        | Found a glowing golden altar of the Shining One.
    28 | D        | Found a bloodstained altar of Trog.
    28 | D        | Found a shattered altar of Ashenzari.
    28 | D        | Found a white marble altar of Elyvilon.
    28 | D        | Found a snail-covered altar of Cheibriados.
    28 | D        | Found a blossoming altar of Fedhas.
    28 | D        | Found a radiant altar of Vehumet.
    28 | D        | Found a glowing silver altar of Zin.
    28 | D        | Found a corrupted altar of Lugonu.
    28 | D        | Found a viscous altar of Jiyva.
    28 | D        | Found a roughly hewn altar of Beogh.
    28 | D        | Found an iron altar of Okawaru.
    31 | D        | Became a worshipper of Dithmenos the Shadowed
    35 | D        | Found a stormy altar of Qazlal.
    35 | D        | Found an opulent altar of Gozag.
    75 | D        | Noticed a brain worm
    79 | D        | Killed a brain worm
    79 | D        | Reached skill level 1 in Fighting
    79 | D        | Reached skill level 5 in Dodging
    79 | D        | Reached skill level 7 in Stealth
    79 | D        | Reached XP level 2. HP: 12/15 MP: 6/8
    79 | D        | Reached XP level 3. HP: 14/18 MP: 6/9
    79 | D        | Reached XP level 4. HP: 17/23 MP: 7/11
   171 | D        | Learned a level 3 spell: Confuse
   175 | D        | Learned a level 3 spell: Tukima's Dance
   178 | D        | Learned a level 2 spell: Ensorcelled Hibernation
   186 | D        | Reached skill level 5 in Hexes
   244 | D        | Acquired Dithmenos's first power
   280 | D        | Noticed an orc wizard
   309 | D        | Killed an orc wizard
   309 | D        | Acquired Dithmenos's second power
   309 | D        | Reached skill level 8 in Stealth
   368 | D        | Mangled by a gnoll

Vault maps used:
D:        pitsprint

Action                   |  1- 3 |  4- 6 || total
-------------------------+-------+-------++-------
Melee: Dagger            |     5 |    64 ||    69
 Cast: Corona            |     1 |    10 ||    11
       Confuse           |       |     3 ||     3
       Ensorcelled Hiber |       |     3 ||     3
  Use: Potion            |       |     1 ||     1
 Stab: Sleeping          |     1 |     2 ||     3
       Confused          |       |     3 ||     3
